Map: Fracture LE

Players

StormBG

  • Race: Terran Terran
  • League: Silver
  • Spawn Location: 11:00

VixSilence - Winner!

  • Race: Protoss Protoss
  • League: Gold
  • Spawn Location: 5:00

VOD

Have the link to the VOD?

Description

Please help me understand why I lost to this protoss, thank you!

Time

  • Played on: Aug. 15, 2018, 2:32 a.m.
  • Length: 23:38
Show
View Real Time Build Order
Export as new Build Order

StormBG Terran 

Build Orders: MMM Bio 

Get SALT Encoding   

  12  0:02  SCV  
  13  0:14  SCV  
  14  0:26  SCV  
  14  0:27  Supply Depot  
  15  0:35  Refinery  
  15  0:49  SCV  
  16  0:51  Barracks  
  16  1:01  SCV  
  17  1:05  Barracks  
  17  1:13  SCV  
  18  1:25  SCV  
  19  1:37  SCV  
  19  1:39  Marine  
  21  1:41  Supply Depot  
  21  1:50  SCV  
  22  1:55  Supply Depot  
  22  2:02  SCV  
  22  2:06  Barracks Tech Lab, Barracks Reactor  
  23  2:10  Barracks  
  23  2:14  SCV  
  24  2:39  Command Center  
  24  2:42  Orbital Command  
  24  2:50  Stimpack  
  24  2:57  Marine x2  
  24  2:58  Marine  
  27  3:03  Barracks Reactor  
  27  3:14  Marine  
  27  3:15  Marine  
  27  3:16  Marine  
  30  3:23  Engineering Bay  
  30  3:26  SCV  
  31  3:34  Marine x2  
  31  3:35  Marine  
  31  3:39  Marine x2  
  36  3:50  Supply Depot  
  36  3:51  Supply Depot  
  36  3:58  Marine, Supply Depot  
  36  4:01  Marine  
  36  4:02  Marine  
  39  4:03  Marine  
  39  4:07  Marine  
  41  4:11  Terran Infantry Weapons Level 1  
  41  4:18  Marine  
  41  4:19  Marine  
  41  4:21  Marine  
  44  4:24  Marine  
  44  4:25  Marine  
  44  4:26  SCV  
  47  4:36  Marine  
  47  4:37  Marine  
  49  4:39  Marine  
  49  4:42  Marine x2  
  49  4:43  SCV  
  53  4:51  SCV, Combat Shields  
  54  4:55  SCV  
  54  4:56  Marine  
  54  4:57  Marine  
  57  5:02  Marine  
  57  5:03  Marine  
  57  5:04  Marine  
  57  5:27  Marine x2  
  57  5:28  Marine x3  
  48  5:45  Marine x3  
  48  5:46  Marine x2  
  43  5:59  SCV  
  43  6:00  SCV  
  43  6:03  Marine x4  
  49  6:08  Marauder  
  51  6:11  SCV  
  51  6:12  Refinery  
  51  6:13  SCV  
  53  6:19  Supply Depot  
  53  6:21  Marine x4  
  53  6:22  Concussive Shells  
  53  6:25  SCV, Factory  
  58  6:29  Marauder  
  58  6:32  Barracks  
  58  6:51  Marauder  
  57  7:03  Marine x4  
  61  7:10  Starport  
  61  7:12  Marauder, Cyclone  
  66  7:19  Barracks Reactor  
  66  7:21  Marine  
  67  7:23  Barracks  
  63  7:33  Marauder  
  53  7:51  Marine x3  
  53  7:52  Marine  
  53  7:56  Marine  
  53  7:57  Marine  
  60  8:03  Marauder  
  61  8:08  Cyclone  
  61  8:09  Marine x4  
  61  8:12  Starport Tech Lab  
  68  8:13  Barracks Tech Lab  
  68  8:14  Marine x2  
  70  8:20  Supply Depot, SCV  
  70  8:22  SCV  
  70  8:25  Marauder  
  74  8:27  Marine x4  
  74  8:32  Marine x2  
  74  8:33  Supply Depot, SCV  
  82  8:34  SCV  
  82  8:45  Marine x2  
  82  8:46  Marauder  
  86  8:49  Factory Tech Lab  
  86  8:50  Marine  
  86  8:55  Marauder  
  89  8:59  Marine x2  
  89  9:00  Marine  
  89  9:01  Supply Depot  
  90  9:03  Marine x2  
  90  9:08  Marauder  
  83  9:16  Marauder  
  66  9:29  Marauder  
  62  9:38  Marauder, Refinery x2  
  59  9:39  Marine x4  
  59  9:40  Marine  
  59  9:41  Marine  
  61  9:50  Marauder  
  63  9:57  Marine  
  63  9:58  Marine  
  63  9:59  Marauder  
  64  10:07  Factory  
  64  10:09  Factory  
  64  10:10  Marine  
  64  10:11  Marine  
  64  10:12  Marauder  
  68  10:15  Marine  
  68  10:16  Marine x3  
  68  10:20  Marauder  
  74  10:22  Orbital Command  
  74  10:28  Marine  
  73  10:33  Marauder  
  75  10:42  Marauder  
  77  10:46  Marine x2  
  77  10:47  Marine x3  
  77  10:48  Marine  
  83  10:53  Terran Infantry Armor Level 1  
  83  10:55  Marauder  
  85  11:03  Marauder  
  85  11:04  Marine  
  88  11:05  Marine x2, SCV  
  91  11:16  Marauder  
  91  11:17  SCV  
  94  11:21  Starport  
  94  11:24  Command Center  
  94  11:26  Cyclone  
  94  11:32  Marine x2  
  99  11:33  Marine x2  
  99  11:35  Marine  
  102  12:03  Supply Depot  
  102  12:07  Marine, Medivac  
  105  12:16  Armory  
  105  12:24  Marine x4  
  105  12:25  Marine  
  105  12:26  Marauder  
  105  12:27  Marauder  
  114  12:30  Supply Depot  
  114  12:37  Medivac  
  114  12:38  Marine  
  114  12:42  Marine x2  
  114  12:43  Marine  
  120  12:52  Supply Depot  
  120  12:59  Marine  
  120  13:00  Marine x3  
  120  13:01  Marine x2  
  126  13:25  Marine  
  126  13:26  Marine x3  
  130  13:27  Marine x2  
  130  13:28  Marauder  
  130  13:29  Marauder  
  130  13:30  Cyclone  
  130  13:31  Cyclone  
  141  13:50  Marauder x2  
  89  14:11  Marine x6  
  89  14:12  Marine x2  
  73  14:37  Marauder  
  73  14:38  Marine x2, Marauder  
  77  14:39  Marine x2  
  77  14:40  Marine x2  
  77  14:41  Cyclone  
  77  14:42  Cyclone  
  89  14:56  Marine x2  
  89  14:57  Marine x2  
  89  14:58  Marine x2, Marauder  
  89  14:59  Marauder  
  87  15:01  Medivac  
  66  15:14  Marine  
  66  15:20  Marine x2, Marauder  
  66  15:21  Marine x3, Marauder  
  74  15:26  Cyclone x2  
  82  15:31  Medivac  
  82  15:32  Marine  
  85  15:38  Terran Infantry Weapons Level 2  
  85  15:40  Terran Vehicle Weapons Level 1  
  85  15:41  Marauder  
  85  15:42  Marauder  
  89  15:46  Marine x2  
  89  15:49  Marine  
  92  16:02  Marauder  
  92  16:04  Marine x2, Marauder  
  98  16:13  Marine x2  
  98  16:14  Marine x2  
  99  16:21  Marine  
  99  16:22  Marine  
  99  16:24  Orbital Command  
  99  16:25  Marauder  
  96  16:26  Cyclone x2  
  96  16:27  Medivac  
  96  16:31  Marine x2  
  96  16:32  Marine  
  101  16:39  Marine x2  
  102  16:46  Marauder  
  105  16:57  Marine, Medivac  
  105  16:58  Cyclone  
  105  16:59  Cyclone  
  114  17:03  Command Center  
  114  17:12  Factory  
  114  17:17  Factory  
  112  17:37  Factory Tech Lab  
  112  17:48  Armory  
  97  17:58  Factory Tech Lab  
  88  18:16  Sensor Tower  
  88  18:22  Factory Tech Lab  
  88  18:23  Factory Tech Lab  
  88  18:36  SCV  
  88  18:38  Supply Depot  
  88  18:40  SCV  
  90  18:48  SCV  
  91  18:52  SCV  
  92  18:58  Refinery  
  92  18:59  Refinery  
  92  19:00  SCV  
  92  19:01  Refinery  
  92  19:02  Thor  
  93  19:03  Thor  
  93  19:04  SCV  
  106  19:12  SCV  
  106  19:16  SCV  
  108  19:20  Refinery  
  108  19:24  SCV  
  108  19:28  Refinery, SCV  
  110  19:32  Thor  
  116  19:41  Marine x3  
  116  19:42  Marine x3  
  116  19:44  Marauder x2  
  126  19:59  Marine x4  
  126  20:00  Marine x2  
  126  20:05  Marauder, Thor  
  126  20:06  Marauder  
  139  20:10  Thor  
  138  20:16  Marine  
  119  20:36  Thor  
  125  20:43  Refinery  
  125  21:01  Factory  
  125  21:03  Thor  
  131  21:04  Factory  
  131  21:05  Factory  
  125  21:38  Thor  
  125  21:39  Thor x2  
  137  21:44  Factory Tech Lab  
  143  21:47  Factory Tech Lab  
  143  21:49  Factory Tech Lab  
  143  21:53  Supply Depot  
  143  21:56  Thor  
  149  22:08  Orbital Command  
  149  22:09  Orbital Command  
  149  22:12  Marine  
  149  22:13  Marine x3  
  149  22:14  Marine x2  
  155  22:22  Thor x2  
  161  22:23  Thor  
  161  22:25  Thor  
  179  22:30  Marine x2  
  179  22:31  Marine x2  
  179  22:32  Marine x2  
  185  22:48  Marine x2  
  185  22:50  Marine  
Show
View Real Time Build Order
Export as new Build Order

VixSilence Protoss - Winner!

Build Orders: 1 Gate Expand 

Get SALT Encoding   

  12  0:00  Probe  
  13  0:13  Probe  
  14  0:18  Pylon  
  14  0:25  Probe  
  15  0:37  Gateway  
  15  0:38  Probe  
  16  0:44  Assimilator  
  16  0:50  Probe  
  17  1:02  Probe  
  18  1:15  Probe  
  19  1:27  Probe  
  19  1:30  Nexus  
  20  1:40  Pylon  
  20  1:45  Probe  
  21  1:56  Cybernetics Core  
  21  1:57  Probe  
  21  2:11  Probe  
  22  2:16  Assimilator  
  22  2:23  Probe  
  23  2:30  Warp Gate  
  23  2:33  Shield Battery  
  23  2:35  Probe  
  24  2:43  Adept, Probe  
  27  2:51  Probe  
  28  3:01  Probe  
  29  3:08  Gateway  
  29  3:10  Adept  
  29  3:11  Pylon  
  31  3:13  Probe  
  32  3:21  Stargate  
  32  3:25  Probe  
  33  3:27  Probe  
  34  3:37  Probe, Stalker  
  34  3:39  Probe  
  38  3:46  Gateway  
  38  3:49  Probe  
  38  3:50  Forge  
  38  3:52  Probe  
  40  4:00  Stalker  
  40  4:01  Probe  
  43  4:04  Pylon, Probe  
  44  4:10  Oracle  
  44  4:13  Probe  
  48  4:24  Protoss Ground Weapons Level 1  
  48  4:41  Stalker x2  
  52  4:46  Stalker  
  52  4:51  Assimilator  
  52  4:52  Assimilator  
  54  4:55  Probe x2  
  56  5:07  Probe x2  
  56  5:10  Gateway  
  55  5:19  Probe  
  50  5:29  Stalker x3  
  41  5:48  Probe x2  
  41  5:55  Pylon  
  41  5:59  Shield Battery  
  41  6:00  Probe x2  
  43  6:06  Gateway  
  43  6:07  Gateway  
  43  6:09  Gateway  
  43  6:11  Gateway  
  43  6:12  Probe x2  
  43  6:18  Protoss Ground Armor Level 1  
  45  6:25  Pylon, Probe x2  
  47  6:33  Stalker x3  
  47  6:37  Probe x2  
  53  6:49  Probe x2  
  55  7:00  Stalker x2  
  55  7:01  Probe x2, Stalker  
  61  7:12  Stalker x2  
  61  7:13  Probe x2, Stalker x2  
  61  7:14  Stalker  
  63  7:53  Stalker  
  63  7:54  Zealot, Stalker x2  
  63  7:55  Zealot x3  
  77  8:07  Pylon  
  77  8:08  Pylon  
  77  8:10  Pylon  
  77  8:12  Pylon  
  77  8:22  Twilight Council  
  77  8:24  Void Ray  
  81  8:31  Zealot  
  81  8:32  Zealot  
  81  8:33  Zealot, Sentry  
  81  8:34  Sentry  
  91  8:37  Zealot  
  91  8:38  Zealot x2  
  95  9:07  Void Ray  
  59  9:20  Stalker x4  
  59  9:21  Stalker x2  
  59  9:22  Stalker x2  
  71  9:47  Zealot x4  
  71  9:48  Zealot, Stalker x2  
  71  9:49  Stalker  
  87  10:16  Protoss Ground Weapons Level 2  
  87  10:17  Blink  
  85  10:50  Robotics Facility  
  85  10:52  Robotics Facility  
  85  10:54  Robotics Facility  
  85  10:57  Pylon  
  85  11:14  Nexus  
  85  11:18  Pylon  
  85  11:20  Pylon  
  85  11:40  Robotics Bay  
  85  11:50  Stalker x3  
  85  11:51  Stalker x2  
  85  11:52  Zealot, Stalker x2  
  101  12:01  Shield Battery  
  101  12:03  Shield Battery  
  101  12:07  Assimilator  
  101  12:11  Assimilator  
  101  12:13  Charge  
  101  12:25  Protoss Ground Weapons Level 3  
  101  12:35  Sentry x2  
  105  12:41  Observer  
  105  12:42  Observer  
  105  12:43  Observer  
  108  12:54  Probe  
  108  12:55  Probe x2  
  111  13:01  Disruptor  
  111  13:04  Disruptor  
  117  13:07  Probe x2  
  117  13:08  Disruptor  
  122  13:32  Zealot x4  
  122  13:33  Zealot x3  
  122  13:34  Zealot  
  80  14:15  Stalker x3  
  80  14:16  Stalker  
  72  14:17  Stalker x3  
  72  14:18  Stalker  
  72  14:20  Disruptor  
  72  14:21  Disruptor x2  
  75  14:39  Stalker x3  
  75  14:40  Stalker x3  
  67  15:20  Disruptor x3  
  76  15:24  Zealot x3  
  76  15:25  Zealot, Stalker  
  76  15:26  Stalker  
  86  16:41  Nexus  
  86  16:43  Assimilator  
  86  16:48  Pylon, Assimilator  
  86  16:51  Pylon  
  86  16:53  Protoss Ground Armor Level 2  
  86  16:59  Extended Thermal Lance  
  86  17:17  Shield Battery  
  86  17:20  Shield Battery  
  86  17:23  Gateway  
  86  17:26  Gateway  
  86  17:28  Gateway  
  86  17:30  Pylon  
  86  17:32  Stalker x2  
  86  17:33  Stalker  
  86  17:34  Pylon, Sentry  
  86  17:35  Sentry  
  86  17:36  Sentry  
  98  17:37  Zealot  
  98  17:38  Stalker  
  94  18:16  Disruptor x2  
  94  18:18  Immortal  
  104  18:39  Protoss Air Weapons Level 1  
  104  18:55  Zealot  
  104  18:56  Zealot x3  
  104  18:57  Immortal, Zealot, Sentry  
  104  18:58  Sentry x2  
  124  19:10  Protoss Ground Armor Level 3  
  124  19:13  Void Ray  
  128  19:56  Void Ray  
  126  20:40  Stalker  
  126  20:41  Stalker x3  
  126  20:42  Stalker x3  
  140  20:43  Stalker x2  
  140  20:44  Stalker x2  
  144  21:45  Pylon  
  144  21:48  Pylon  
  144  21:57  Immortal  
  144  21:58  Immortal x2  
  156  22:03  Observer Gravitic Boosters  
  156  22:20  Fleet Beacon  
  156  22:36  Immortal, Zealot x3  
  166  22:37  Immortal x2, Zealot x3  
  166  22:38  Zealot x4  
  166  22:39  Zealot  
Tags
 
Composition
MMM Bio
Matchup
PvT
Spawn Locations
Cross Positions
Add a new tag
Caveats
  • Supply blocks, unpowered buildings, or Contaminate may cause inaccurate times.
  • Supply counts are checked every 10 seconds.